 Dungeon Crawl Stone Soup version 0.31.0-9-g3a7656b989 (webtiles) character file.

Game seed: 5613313307929173057

89 qw the Shooter (level 4, -1/25 HPs)
             Began as a Deep Elf Hunter on Feb 2, 2024.
             Killed from afar by an orc wizard (12 damage)
             ... with a puff of flame
             ... on level 3 of the Dungeon.
             The game lasted 00:00:06 (2153 turns).

qw the Shooter (Deep Elf Hunter)                    Turns: 2153, Time: 00:00:07

Health: -1/25      AC:  6    Str: 10    XL:     4   Next: 31%
Magic:  6/6        EV: 11    Int: 14    God:
Gold:   153        SH:  0    Dex: 18    Spells: 3/3 levels left

rFire   . . .        a - +0 shortbow
rCold   . . .        (shield currently unavailable)
rNeg    . . .        i - +0 ring mail
rPois   .            (no helmet)
rElec   .            g - +0 cloak
rCorr   .            (no gloves)
SInv    .            (no boots)
Will    .....        (no amulet)
Stlth   +            (no ring)
HPRegen 0.24/turn    (no ring)
MPRegen 0.10/turn

%: no passive effects
@: no status effects
A: no striking features
a: no special abilities


You were on level 3 of the Dungeon.
You visited 1 branch of the dungeon, and saw 3 of its levels.

You collected 153 gold pieces.


   Skills:
 - Level 1.5 Fighting
 + Level 7.7 Ranged Weapons
 - Level 2.4 Dodging
 - Level 1.2 Stealth


You had 3 spell levels left.
You didn't know any spells.
Your spell library was empty.

Inventory:

Hand Weapons
 a - a +0 shortbow (weapon)
Armour
 g - a +0 cloak (worn)
 i - a +0 ring mail (worn)
Jewellery
 e - a ring of ice
Scrolls
 c - a scroll of amnesia {unknown}
 k - a scroll of identify
Potions
 b - a potion of resistance
 d - a potion of lignification {unknown}
 f - a potion of ambrosia {unknown}
 h - a potion of curing {unknown}
 j - a potion of heal wounds {unknown}

Dungeon Overview and Level Annotations

Branches:
Dungeon (3/15)

Altars:
Gozag


Message History

A goblin comes into view. It is wielding a +0 club.
The goblin shouts!
You hear a shout!
You shoot an arrow.
The arrow hits the goblin but does no damage.
You shoot an arrow. The arrow hits the goblin!
You kill the goblin!
A giant cockroach comes into view.
The giant cockroach moves out of view.
Things that are here:
a +0 club; a goblin corpse You shoot an arrow.
The arrow hits the giant cockroach.
You kill the giant cockroach!
A kobold comes into view. It is wielding a +0 short sword.
The kobold shouts!
You shoot an arrow. The arrow misses the kobold.
The kobold throws a stone.
The stone misses you.
You shoot an arrow. The arrow hits the kobold.
You kill the kobold!
An orc wizard comes into view. It is wielding a +0 dagger.
You shoot an arrow.
The arrow hits the orc wizard but does no damage.
You shoot an arrow. The arrow hits the orc wizard.
The orc wizard is lightly wounded.
You shoot an arrow. The arrow hits the orc wizard!
The orc wizard is severely wounded.
You shoot an arrow. The arrow hits the orc wizard.
The orc wizard is almost dead.
You shoot an arrow.
The arrow closely misses the orc wizard.
The orc wizard points at you and mumbles some strange words.
The puff of flame hits you!
You shoot an arrow.
The arrow hits the orc wizard but does no damage.
The orc wizard is almost dead.
The orc wizard casts a spell at you. The magic dart hits you.
You shoot an arrow. The arrow barely misses the orc wizard.
The orc wizard gestures at you while chanting.
The puff of flame hits you!
You die...

.# ...#... .#
#.......# #... .#
#.......# #... .#
#.......# #... ##
#####.......# ###
#... ............#
.... #... ###
....).......# .....
#... ..#
............##......
#... ..#
............@'o.....
#... ..#
........######......
#... ..# ........#
..... #... ..#
........# .... ..#
........# ... ..#
#######.# .. [.# #)#
. ..# #####.# ..#
#.....#


You could see an orc wizard.

Vanquished Creatures
  3 adders
  A dart slug (D:1)
  A ribbon worm (D:2)
  An orc (D:3)
  3 ball pythons (D:2)
  4 bats
  4 endoplasms
  9 giant cockroaches
  4 goblins
  3 hobgoblins
  5 jackals (D:2)
  2 quokkas
  A frilled lizard (D:2)
  6 kobolds
  2 rats
49 creatures vanquished.

Notes
Turn   | Place    | Note
-------+----------+-------------------------------------------
     0 | D:1      | qw the Deep Elf Hunter began the quest for the Orb.
     0 | D:1      | Reached XP level 1. HP: 12/12 MP: 3/3
     0 | D:1      | 0 ||| qw: Version: 0.3-a-155-g5e7d8dd
     0 | D:1      | 0 ||| qw: Game counter: 304
     0 | D:1      | 0 ||| qw: Melee chars always use a shield: true
     0 | D:1      | 0 ||| qw: God list: Okawaru
     0 | D:1      | 0 ||| qw: Allow faded altars: false
     0 | D:1      | 0 ||| qw: Do Orc after clearing Dungeon:15 true
     0 | D:1      | 0 ||| qw: Do second Lair branch before Depths: true
     0 | D:1      | 0 ||| qw: Lair rune preference: random
     0 | D:1      | 0 ||| qw: Goals: Normal
     0 | D:1      | 0 ||| PLANNING D:1-11
   382 | D:1      | Reached XP level 2. HP: 16/16 MP: 4/4
   384 | D:1      | Reached skill level 6 in Ranged Weapons
   707 | D:1      | 707 ||| UPGRADING to +0 scale mail.
   717 | D:1      | 717 ||| DROPPING +0 leather armour.
   718 | D:1      | 718 ||| UPGRADING to +0 cloak.
   723 | D:1      | 723 ||| UPGRADING to +0 ring mail.
   733 | D:1      | 733 ||| DROPPING +0 scale mail.
   734 | D:1      | 734 ||| READING 2 scrolls labelled MAAMUH ENEC.
   734 | D:1      | 734 ||| IDENTIFYING smoky puce potion
   735 | D:1      | 735 ||| READING scroll of identify.
   735 | D:1      | 735 ||| IDENTIFYING purple potion
   736 | D:1      | 736 ||| DROPPING scroll of butterflies.
   737 | D:1      | 737 ||| DROPPING potion of attraction.
   738 | D:1      | 738 ||| DROPPING potion of invisibility.
  1096 | D:2      | Reached XP level 3. HP: 20/20 MP: 5/5
  1329 | D:2      | Reached skill level 7 in Ranged Weapons
  1666 | D:2      | Reached XP level 4. HP: 25/25 MP: 6/6
  1701 | D:2      | 1701 ||| READING scroll of identify.
  1701 | D:2      | 1701 ||| IDENTIFYING fuming white potion
  1702 | D:2      | 1702 ||| READING scroll labelled NOYGEBBOEGH.
  1703 | D:2      | 1703 ||| READING scroll labelled XOULEGH SOFFO.
  1704 | D:2      | 1704 ||| READING scroll labelled GISEXO CEUNEDO.
  1827 | D:3      | Found an opulent altar of Gozag.
  2153 | D:3      | Killed from afar by an orc wizard

Levels and vault maps discovered:
D:1:      zelgadis_glass_arrival_small, layout_basic
D:2:      layout_loops_corners, minmay_worlds_worst_comb
D:3:      layout_basic, mainiacjoe_overflow_chevrons, kennysheep_generic_room_6

Skill      XL: |  1  2  3 |
---------------+----------+-----
Ranged Weapons | 6 7 |  7.7
Fighting       | |  1.5
Dodging        | |  2.4
Stealth        | |  1.2

Action                     |  1- 3 |  4- 6 || total
---------------------------+-------+-------++-------
   Fire: Shortbow          |    97 |    34 ||   131
    Use: Scroll            |     2 |     4 ||     6
 Armour: Leather armour    |     1 |       ||     1
         Ring mail         |    23 |    10 ||    33
  Dodge: Dodged            |    36 |     7 ||    43

Table legend:
 A = Non-vault XP
 B = Vault XP
 C = Vault XP percentage of total XP
 D = Non-vault monster count
 E = Vault monster count
 F = Vault count percentage of total count
                 A         B        C        D         E       F
            +---------+---------+-------+---------+---------+-------
      Total |     116 |      12 |   9.4 |      43 |       6 |  12.2
            +---------+---------+-------+---------+---------+-------
        D:1 |      19 |       0 |   0.0 |      10 |       0 |   0.0
        D:2 |      66 |      12 |  15.4 |      23 |       6 |  20.7
        D:3 |      31 |       0 |   0.0 |      10 |       0 |   0.0
            +---------+---------+-------+---------+---------+-------
